Map: Newkirk Precinct TE (Void)

Players

Dana

  • Race: Zerg Zerg
  • Spawn Location: 7:00

Elroye - Winner!

  • Race: Zerg Zerg
  • Spawn Location: 5:00

Event: IEM XI Katowice - World Championship 2017

VOD

Have the link to the VOD?

Description

Time

  • Played on: Feb. 27, 2017, 6:12 a.m.
  • Length: 11:04

All games in this series

Show
View Real Time Build Order
Export as new Build Order

Dana Zerg 

Build Orders: Pool First, Zergling Baneling 

Get SALT Encoding   

  12  0:00  Drone  
  13  0:13  Overlord  
  13  0:17  Drone  
  14  0:31  Drone x2  
  14  0:35  Drone  
  17  0:45  Extractor  
  17  0:47  Spawning Pool  
  15  0:50  Drone  
  15  0:56  Drone  
  17  1:07  Drone  
  18  1:19  Drone  
  18  1:23  Hatchery  
  18  1:33  Queen  
  18  1:37  Zergling x2  
  21  1:44  Overlord  
  21  1:51  Metabolic Boost  
  21  1:55  Drone  
  22  2:03  Drone  
  23  2:09  Queen  
  23  2:12  Drone  
  26  2:19  Baneling Nest  
  25  2:23  Drone  
  26  2:33  Zergling x2  
  26  2:35  Drone  
  28  2:40  Zergling x4  
  28  2:41  Zergling x2  
  31  2:46  Zergling x2  
  31  2:48  Overlord  
  32  2:56  Drone  
  33  2:59  Drone  
  33  3:02  Baneling x2  
  34  3:07  Drone  
  34  3:08  Drone  
  36  3:15  Zergling x2  
  36  3:16  Drone  
  38  3:26  Hatchery  
  37  3:27  Drone  
  37  3:29  Drone  
  37  3:34  Baneling  
  38  3:35  Drone  
  38  3:37  Drone  
  38  3:40  Drone  
  41  3:41  Drone  
  41  3:45  Baneling x2  
  40  3:50  Drone  
  40  3:54  Zergling x6  
  43  3:58  Overlord  
  42  4:05  Roach Warren  
  42  4:06  Zergling x2  
  42  4:07  Zergling x2  
  42  4:11  Zergling x4  
  42  4:13  Extractor, Baneling x2  
  42  4:14  Baneling  
  43  4:17  Overlord  
  43  4:19  Drone  
  44  4:25  Overlord  
  44  4:27  Drone  
  44  4:30  Drone  
  44  4:31  Drone x2  
  47  4:35  Baneling x2  
  47  4:37  Zergling x4  
  46  4:42  Zergling x4  
  50  4:45  Zergling x2, Roach  
  50  4:48  Roach  
  48  4:53  Roach  
  48  4:58  Zergling x2, Roach  
  45  5:04  Baneling x2  
  42  5:10  Drone  
  42  5:11  Drone  
  42  5:12  Drone  
  43  5:28  Roach x4  
  51  5:31  Roach  
  53  5:38  Overlord, Roach  
  54  5:43  Roach  
  54  5:46  Roach  
  58  5:51  Roach  
  58  5:56  Roach  
  62  5:59  Roach  
  62  6:02  Overlord  
  62  6:03  Zergling x6  
  67  6:12  Zergling x4  
  67  6:13  Zergling x4  
  67  6:16  Zergling x2  
  67  6:17  Zergling x2  
  73  6:19  Zergling x2  
  73  6:21  Zergling x2  
  73  6:23  Zergling x2  
  76  6:27  Zergling x2, Baneling  
  76  6:32  Zergling x2  
  78  6:34  Baneling x2  
  78  6:35  Zergling x2, Baneling x2  
  78  6:39  Zergling x4  
  81  6:41  Baneling  
  81  6:43  Baneling x3  
  81  6:47  Zergling x2  
  81  6:58  Zergling x8  
  78  7:07  Zergling x2  
  78  7:08  Zergling x10  
  79  7:15  Zergling x4  
  70  7:18  Zergling x2  
  70  7:19  Zergling x2  
  68  7:28  Drone  
  68  7:29  Drone  
  57  7:30  Drone  
  57  7:35  Drone x2  
  50  7:41  Lair  
  50  7:42  Drone  
  50  7:43  Drone  
  51  7:45  Roach  
  51  7:46  Roach  
  51  7:47  Roach  
  57  7:56  Roach x2  
  61  8:02  Roach x2  
  65  8:06  Queen  
  65  8:08  Drone  
  65  8:11  Drone  
  69  8:14  Drone x2  
  69  8:19  Drone x2  
  73  8:23  Extractor, Drone x2  
  73  8:24  Drone  
  75  8:27  Overlord  
  75  8:30  Drone  
  76  8:35  Drone  
  76  8:36  Evolution Chamber  
  76  8:37  Drone x2  
  76  8:39  Drone  
  76  8:40  Drone  
  80  8:43  Glial Reconstitution  
  79  8:48  Extractor, Drone  
  79  8:49  Extractor  
  79  8:50  Overlord  
  79  8:54  Queen  
  81  8:55  Drone  
  81  8:59  Drone  
  81  9:01  Drone x2  
  81  9:02  Extractor  
  83  9:03  Drone  
  83  9:05  Zerg Missile Weapons Level 1  
  83  9:08  Ravager x4  
  83  9:09  Ravager  
  89  9:12  Roach  
  89  9:13  Roach  
  93  9:17  Drone  
  93  9:18  Drone x2  
  93  9:20  Drone  
  93  9:21  Drone x2  
  93  9:23  Overlord  
  99  9:25  Roach  
  99  9:29  Roach  
  103  9:32  Ravager  
  103  9:33  Roach  
  106  9:39  Overlord  
  106  9:41  Overlord  
  106  9:44  Overlord  
  106  9:51  Overlord x2  
  106  10:02  Roach x2  
  106  10:03  Overlord, Roach x3  
  106  10:06  Hatchery  
  115  10:08  Roach x2  
  115  10:09  Overseer  
  115  10:13  Ravager  
  120  10:15  Ravager x2  
  120  10:16  Roach x2  
  120  10:19  Ravager  
  127  10:22  Overlord  
  127  10:23  Roach x2  
  127  10:26  Roach x2  
  135  10:30  Roach x2  
  135  10:35  Roach x2  
  143  10:37  Roach  
  143  10:39  Overlord  
  143  10:42  Roach  
Show
View Real Time Build Order
Export as new Build Order

Elroye Zerg - Winner!

Build Orders: Hatch First, Zergling Baneling 

Get SALT Encoding   

  12  0:01  Drone  
  13  0:14  Overlord  
  13  0:18  Drone  
  14  0:33  Drone x2  
  16  0:36  Drone  
  17  0:55  Hatchery  
  17  0:57  Drone  
  17  0:59  Drone  
  18  1:07  Extractor  
  17  1:15  Spawning Pool  
  17  1:17  Drone  
  17  1:21  Drone  
  18  1:29  Drone  
  19  1:40  Overlord  
  19  1:54  Drone  
  20  2:01  Zergling x2, Queen  
  20  2:07  Metabolic Boost  
  20  2:08  Queen  
  23  2:09  Zergling x2  
  26  2:16  Drone  
  26  2:18  Drone  
  28  2:23  Drone  
  29  2:35  Drone  
  29  2:36  Drone, Baneling Nest  
  30  2:43  Drone  
  31  2:49  Drone  
  32  2:53  Overlord  
  32  3:02  Hatchery  
  32  3:04  Zergling x4  
  32  3:10  Zergling x4  
  32  3:12  Zergling x2  
  35  3:14  Zergling x2  
  35  3:17  Zergling x2  
  37  3:22  Baneling x2  
  37  3:26  Zergling x4  
  38  3:27  Zergling x2  
  38  3:30  Zergling x2  
  37  3:44  Zergling x4  
  37  3:45  Zergling x4  
  37  3:50  Zergling x2  
  37  4:07  Zergling x10, Hatchery  
  41  4:16  Baneling x3  
  41  4:17  Baneling x4  
  41  4:20  Zergling x4  
  41  4:38  Zergling x10  
  44  4:49  Drone  
  44  4:50  Overlord  
  39  5:01  Drone x4  
  39  5:02  Drone  
  39  5:06  Roach Warren  
  39  5:08  Drone  
  39  5:13  Drone  
  41  5:14  Queen  
  42  5:23  Drone x2  
  42  5:26  Drone  
  43  5:31  Extractor  
  43  5:33  Drone x2  
  44  5:38  Drone  
  44  5:39  Queen  
  47  5:46  Drone x3  
  50  5:51  Drone x2  
  50  5:56  Drone x2  
  54  5:57  Extractor, Drone x3  
  54  5:58  Overlord  
  54  6:01  Roach  
  54  6:03  Overlord  
  57  6:11  Roach  
  57  6:15  Spine Crawler  
  57  6:16  Roach x3  
  57  6:17  Queen  
  64  6:19  Roach  
  64  6:21  Roach  
  64  6:22  Roach  
  64  6:24  Roach  
  72  6:28  Zergling x4  
  74  6:34  Overlord x2  
  74  6:39  Extractor  
  73  6:40  Extractor, Ravager x2  
  76  6:47  Baneling x4  
  74  6:55  Zergling x6, Roach x4  
  74  7:00  Zergling x2, Roach x2  
  83  7:08  Zergling x4, Roach  
  83  7:10  Zergling x2  
  80  7:18  Zergling x2, Roach  
  80  7:20  Zergling x2  
  77  7:24  Zergling x2  
  77  7:25  Zergling x2  
  70  7:50  Drone x8  
  76  8:01  Baneling x3  
  76  8:02  Drone x3  
  79  8:09  Baneling  
  79  8:10  Lair  
  79  8:15  Evolution Chamber  
  79  8:18  Drone x2  
  79  8:19  Drone x3  
  83  8:21  Drone  
  84  8:35  Extractor  
  82  8:51  Roach x3  
  82  8:52  Overlord x2  
  82  8:54  Zerg Missile Weapons Level 1  
  82  8:55  Overlord x2  
  88  8:57  Drone  
  88  9:01  Extractor, Drone  
  88  9:02  Overlord x2  
  89  9:10  Overlord  
  89  9:11  Glial Reconstitution  
  89  9:13  Ravager x2  
  89  9:14  Drone x2  
  89  9:15  Drone x4  
  89  9:17  Drone  
  98  9:19  Roach  
  102  9:24  Roach x2  
  104  9:31  Roach  
  104  9:32  Roach x2  
  104  9:33  Roach  
  112  9:40  Overlord  
  112  9:43  Roach x3  
  118  9:46  Ravager x2  
  118  9:50  Roach x3  
  128  9:52  Roach  
  128  9:53  Roach  
  128  9:55  Roach  
  128  9:57  Roach  
  128  9:59  Roach  
  136  10:01  Overseer  
  136  10:02  Roach  
  136  10:06  Roach  
  140  10:07  Roach  
  140  10:11  Overlord x2  
  140  10:13  Ravager x3  
  145  10:17  Overlord  
  145  10:19  Overlord  
  145  10:27  Unknown  
  145  10:29  Overlord  
  145  10:30  Roach x2  
  145  10:31  Roach x2  

Tags
 
Add a new tag
Caveats
  • Supply blocks, unpowered buildings, or Contaminate may cause inaccurate times.
  • Supply counts are checked every 10 seconds.